[ AOE2 MATCH · #489780784 ]
UnrankedDravidians vs Japanese
[ REPLAY ANALYSIS · EXTRACTED FROM THE RECORDED GAME ]
Feudal
11:00
Castle
14:55
Imperial
29:22
| APM avg | 24.4 |
| APM peak | 56 |
| eAPM avg | 15.3 |
| Villagers / military | 135 / 171 |
Focus
⚔️ 22.1% · 🌾 77.9%
Elephant Archer ×141 · Armored Elephant ×24 · Bombard Cannon ×4 · Mangonel ×2
Feudal
11:10
Castle
15:05
Imperial
30:55
| APM avg | 25.4 |
| APM peak | 53 |
| eAPM avg | 20.0 |
| Villagers / military | 173 / 263 |
Focus
⚔️ 36.4% · 🌾 63.6%
Skirmisher ×159 · Cavalry Archer ×89 · Samurai ×6 · Trebuchet (Packed) ×5 · Monk ×3 · Archer ×1
Feudal
12:02
Castle
15:46
Imperial
42:42
| APM avg | 24.1 |
| APM peak | 93 |
| eAPM avg | 14.4 |
| Villagers / military | 134 / 45 |
Focus
⚔️ 24.9% · 🌾 75.1%
Spearman ×43 · Mangonel ×2
Feudal
11:02
Castle
15:22
Imperial
33:32
| APM avg | 28.6 |
| APM peak | 58 |
| eAPM avg | 19.2 |
| Villagers / military | 177 / 110 |
Focus
⚔️ 28.6% · 🌾 71.4%
Obuch ×101 · Battering Ram ×5 · Trebuchet (Packed) ×3 · Mangonel ×1
Feudal
10:56
Castle
14:27
Imperial
27:10
| APM avg | 26.5 |
| APM peak | 67 |
| eAPM avg | 16.0 |
| Villagers / military | 185 / 198 |
Focus
⚔️ 29.3% · 🌾 70.7%
Skirmisher ×178 · Unknown (882) ×29 · Spearman ×16 · Bombard Cannon ×2 · Trebuchet (Packed) ×2
Feudal
10:45
Castle
14:19
Imperial
27:14
| APM avg | 60.3 |
| APM peak | 122 |
| eAPM avg | 26.6 |
| Villagers / military | 136 / 317 |
Focus
⚔️ 31.4% · 🌾 68.6%
Centurion ×148 · Skirmisher ×79 · Spearman ×45 · Battering Ram ×28 · Scorpion ×14 · Trebuchet (Packed) ×2
Feudal
10:56
Castle
14:26
Imperial
29:13
| APM avg | 48.5 |
| APM peak | 101 |
| eAPM avg | 31.0 |
| Villagers / military | 185 / 204 |
Focus
⚔️ 51.2% · 🌾 48.8%
Mangudai ×140 · Scout Cavalry ×33 · Battering Ram ×31
Feudal
10:33
Castle
14:06
Imperial
29:33
| APM avg | 38.0 |
| APM peak | 62 |
| eAPM avg | 24.5 |
| Villagers / military | 201 / 320 |
Focus
⚔️ 29.6% · 🌾 70.4%
Bolas Rider ×152 · Skirmisher ×103 · Kona ×46 · Trebuchet (Packed) ×15 · Spearman ×3 · Monk ×1
Match map
Initial resources + every placement click. Lines = walls · curves = elevation contours. ◆ gold · ⬟ stone · ● berries · ✦ relic · ◌ wall gap
Your base· ✓ Closed at 14:55 · 0t walls · 3 gate(s)
Seritzia's base· ✓ Closed at 15:05 · 0t walls · 2 gate(s)
拉回就是埋點-taco_clement's base· ✓ Closed at 15:46 · 22t walls · 3 gate(s)
TigerBitePig's base· ✓ Closed at 15:22 · 0t walls · 3 gate(s)
李太尊's base· ✓ Closed at 14:27 · 0t walls · 3 gate(s)
阿姆斯特朗回旋加速喷's base· ✓ Closed at 14:19 · 0t walls · 3 gate(s)
馬摩's base· ✓ Closed at 14:26 · 0t walls · 2 gate(s)
拉拉机's base· ✓ Closed at 14:06 · 0t walls · 2 gate(s)
Smoothed initial terrain · ◌ = detected wall gap · hover for details
Inputs per minute
— 諸葛馬摩說錦囊有妙計 - - Seritzia
Build order — 諸葛馬摩說錦囊有妙計
First 150 of 368 actions detected
| 0:01 | Create | Villager (Male) ×4 |
| 0:03 | Build | House |
| 0:04 | Build | House |
| 1:24 | Create | Villager (Male) |
| 2:02 | Create | Villager (Male) |
| 2:20 | Build | Lumber Camp |
| 2:27 | Build | Lumber Camp |
| 2:34 | Create | Villager (Male) |
| 2:35 | Create | Villager (Male) |
| 2:35 | Create | Villager (Male) |
| 3:17 | Build | House |
| 3:24 | Create | Villager (Male) |
| 3:24 | Create | Villager (Male) |
| 3:24 | Create | Villager (Male) |
| 3:25 | Create | Villager (Male) |
| 3:57 | Create | Villager (Male) |
| 3:57 | Create | Villager (Male) |
| 4:41 | Build | House |
| 5:00 | Create | Villager (Male) |
| 5:00 | Create | Villager (Male) |
| 5:01 | Create | Villager (Male) |
| 5:01 | Create | Villager (Male) |
| 5:01 | Create | Villager (Male) |
| 5:02 | Create | Villager (Male) |
| 5:14 | Build | Mill |
| 5:26 | Build | Mill |
| 7:00 | Create | Villager (Male) |
| 7:00 | Create | Villager (Male) |
| 7:01 | Create | Villager (Male) |
| 7:19 | Create | Villager (Male) |
| 7:54 | Build | Mining Camp |
| 8:42 | Research | Feudal Age |
| 9:15 | Build | House |
| 9:17 | Build | House |
| 10:27 | Build | House |
| 10:37 | Create | Villager (Male) |
| 10:37 | Create | Villager (Male) |
| 10:40 | Create | Villager (Male) |
| 11:00 | Age | Feudal Age |
| 11:02 | Build | Blacksmith |
| 11:04 | Build | Market |
| 11:11 | Build | Farm |
| 11:12 | Build | Farm |
| 11:14 | Build | Farm |
| 11:34 | Research | Double-Bit Axe |
| 11:43 | Build | Farm |
| 11:53 | Build | House |
| 11:57 | Research | Castle Age |
| 12:38 | Build | House |
| 13:07 | Research | Horse Collar |
| 13:14 | Build | House |
| 14:24 | Create | Villager (Male) |
| 14:24 | Create | Villager (Male) |
| 14:26 | Create | Villager (Male) |
| 14:55 | Age | Castle Age |
| 14:57 | Build | Town Center |
| 15:01 | Build | Town Center |
| 15:12 | Create | Villager (Male) |
| 15:20 | Research | Bow Saw |
| 15:23 | Build | Farm |
| 15:26 | Build | Farm |
| 15:27 | Build | Farm |
| 15:29 | Build | Farm |
| 15:50 | Build | Farm |
| 15:51 | Build | Farm |
| 15:53 | Build | Farm |
| 16:01 | Create | Villager (Male) |
| 16:08 | Create | Villager (Male) |
| 16:13 | Create | Villager (Male) |
| 16:13 | Create | Villager (Male) |
| 16:22 | Create | Villager (Male) |
| 16:22 | Create | Villager (Male) |
| 16:25 | Build | Farm |
| 16:33 | Build | Farm |
| 16:36 | Create | Villager (Male) |
| 16:45 | Build | Farm |
| 16:49 | Build | Farm |
| 16:50 | Create | Villager (Male) |
| 16:50 | Create | Villager (Male) |
| 16:58 | Build | Farm |
| 17:01 | Create | Villager (Male) |
| 17:09 | Build | Farm |
| 17:17 | Create | Villager (Male) |
| 17:18 | Create | Villager (Male) |
| 17:21 | Create | Villager (Male) |
| 17:25 | Build | House |
| 17:26 | Build | House |
| 17:43 | Create | Villager (Male) |
| 17:43 | Create | Villager (Male) |
| 17:51 | Create | Villager (Male) |
| 17:51 | Create | Villager (Male) |
| 18:02 | Create | Villager (Male) |
| 18:02 | Create | Villager (Male) |
| 18:06 | Build | Farm |
| 18:07 | Build | Farm |
| 18:08 | Build | Farm |
| 18:13 | Build | Farm |
| 18:17 | Create | Villager (Male) |
| 18:17 | Create | Villager (Male) |
| 18:21 | Create | Villager (Male) |
| 18:25 | Build | Farm |
| 18:26 | Build | Farm |
| 18:26 | Build | Farm |
| 18:27 | Build | Farm |
| 18:30 | Create | Villager (Male) |
| 18:30 | Create | Villager (Male) |
| 18:30 | Create | Villager (Male) |
| 18:38 | Build | House |
| 18:39 | Build | House |
| 18:40 | Build | House |
| 18:48 | Create | Villager (Male) |
| 18:55 | Create | Villager (Male) |
| 18:56 | Create | Villager (Male) |
| 18:56 | Create | Villager (Male) |
| 18:58 | Build | House |
| 18:59 | Build | House |
| 19:09 | Build | Mill |
| 19:23 | Create | Villager (Male) |
| 19:23 | Create | Villager (Male) |
| 19:23 | Create | Villager (Male) |
| 19:28 | Create | Villager (Male) |
| 19:36 | Build | Farm |
| 19:37 | Build | Farm |
| 19:40 | Build | Farm |
| 19:42 | Create | Villager (Male) |
| 19:42 | Create | Villager (Male) |
| 19:43 | Create | Villager (Male) |
| 19:53 | Build | House |
| 19:53 | Build | House |
| 19:55 | Build | House |
| 20:06 | Create | Villager (Male) |
| 20:07 | Create | Villager (Male) |
| 20:07 | Create | Villager (Male) |
| 20:07 | Create | Villager (Male) |
| 20:17 | Build | Farm |
| 20:18 | Build | Farm |
| 20:20 | Build | Farm |
| 20:21 | Build | Farm |
| 20:23 | Create | Villager (Male) |
| 20:23 | Create | Villager (Male) |
| 20:23 | Create | Villager (Male) |
| 20:24 | Create | Villager (Male) |
| 20:33 | Research | Loom |
| 20:34 | Create | Villager (Male) |
| 20:34 | Create | Villager (Male) |
| 20:34 | Create | Villager (Male) |
| 20:40 | Build | Outpost |
| 20:42 | Build | Outpost |
| 20:43 | Build | Outpost |
| 20:46 | Create | Villager (Male) |
Build order — Seritzia
First 150 of 441 actions detected
| 0:00 | Create | Villager (Male) |
| 0:02 | Build | House |
| 0:03 | Build | House |
| 0:03 | Create | Villager (Male) |
| 0:08 | Create | Villager (Male) |
| 0:14 | Create | Villager (Male) |
| 1:23 | Create | Villager (Male) |
| 1:24 | Create | Villager (Male) |
| 1:45 | Build | Lumber Camp |
| 1:50 | Create | Villager (Male) |
| 2:21 | Create | Villager (Male) |
| 2:51 | Create | Villager (Male) |
| 2:56 | Create | Villager (Male) |
| 3:35 | Create | Villager (Male) |
| 4:00 | Build | House |
| 4:11 | Create | Villager (Male) |
| 4:12 | Create | Villager (Male) |
| 4:20 | Create | Villager (Male) |
| 4:47 | Create | Villager (Male) |
| 4:52 | Build | Mill |
| 4:57 | Create | Villager (Male) |
| 5:30 | Create | Villager (Male) |
| 5:36 | Create | Villager (Male) |
| 5:38 | Create | Villager (Male) |
| 5:39 | Create | Villager (Male) |
| 5:46 | Create | Villager (Male) |
| 5:56 | Build | House |
| 6:11 | Create | Villager (Male) |
| 6:36 | Create | Villager (Male) |
| 6:50 | Create | Villager (Male) |
| 7:11 | Create | Villager (Male) |
| 7:24 | Create | Villager (Male) |
| 7:39 | Build | Mining Camp |
| 8:02 | Create | Villager (Male) |
| 9:00 | Research | Feudal Age |
| 9:01 | Create | Villager (Male) |
| 9:18 | Build | House |
| 9:24 | Create | Villager (Male) |
| 10:08 | Create | Villager (Male) |
| 11:10 | Build | House |
| 11:10 | Age | Feudal Age |
| 11:10 | Create | Villager (Male) |
| 11:19 | Build | Market |
| 11:23 | Build | Blacksmith |
| 11:25 | Build | Blacksmith |
| 11:29 | Create | Villager (Male) |
| 12:11 | Research | Castle Age |
| 12:17 | Build | Farm |
| 12:17 | Build | Farm |
| 12:18 | Build | Farm |
| 12:18 | Build | Farm |
| 12:26 | Build | Farm |
| 12:32 | Build | Lumber Camp |
| 12:36 | Research | Double-Bit Axe |
| 12:56 | Build | Farm |
| 12:58 | Research | Horse Collar |
| 13:56 | Create | Villager (Male) |
| 14:12 | Build | Farm |
| 15:05 | Age | Castle Age |
| 15:08 | Build | Town Center |
| 15:11 | Build | Town Center |
| 15:15 | Build | Town Center |
| 15:37 | Build | Monastery |
| 15:38 | Create | Villager (Male) |
| 15:38 | Create | Villager (Male) |
| 15:44 | Create | Villager (Male) |
| 15:44 | Create | Villager (Male) |
| 16:16 | Build | Farm |
| 16:18 | Create | Villager (Male) |
| 16:21 | Research | Bow Saw |
| 16:33 | Build | Farm |
| 16:38 | Create | Villager (Male) |
| 16:46 | Create | Villager (Male) |
| 16:50 | Create | Villager (Male) |
| 16:50 | Create | Villager (Male) |
| 17:02 | Build | Farm |
| 17:07 | Build | Farm |
| 17:07 | Build | Farm |
| 17:15 | Create | Villager (Male) |
| 17:17 | Create | Villager (Male) |
| 17:17 | Create | Villager (Male) |
| 17:30 | Create | Monk |
| 17:33 | Create | Villager (Male) |
| 17:45 | Build | Farm |
| 17:47 | Build | Farm |
| 17:48 | Build | Farm |
| 17:49 | Build | Farm |
| 17:50 | Create | Villager (Male) |
| 17:51 | Create | Villager (Male) |
| 17:54 | Build | Farm |
| 17:54 | Build | Farm |
| 18:01 | Build | Farm |
| 18:02 | Create | Villager (Male) |
| 18:02 | Create | Villager (Male) |
| 18:11 | Build | Farm |
| 18:14 | Build | Farm |
| 18:17 | Create | Villager (Male) |
| 18:18 | Create | Villager (Male) |
| 18:21 | Build | Farm |
| 18:29 | Create | Villager (Male) |
| 18:29 | Create | Villager (Male) |
| 18:36 | Build | Farm |
| 18:36 | Create | Villager (Male) |
| 18:37 | Create | Villager (Male) |
| 18:37 | Create | Villager (Male) |
| 18:41 | Build | Farm |
| 18:46 | Build | Farm |
| 18:47 | Create | Villager (Male) |
| 19:00 | Build | House |
| 19:03 | Create | Villager (Male) |
| 19:03 | Create | Villager (Male) |
| 19:04 | Create | Villager (Male) |
| 19:04 | Create | Villager (Male) |
| 19:07 | Create | Villager (Male) |
| 19:10 | Build | House |
| 19:11 | Build | House |
| 19:21 | Create | Villager (Male) |
| 19:21 | Create | Villager (Male) |
| 19:22 | Create | Villager (Male) |
| 19:31 | Create | Villager (Male) |
| 19:31 | Create | Villager (Male) |
| 19:31 | Create | Villager (Male) |
| 19:34 | Build | Farm |
| 19:35 | Build | Farm |
| 19:35 | Build | Farm |
| 19:37 | Create | Villager (Male) |
| 19:37 | Create | Villager (Male) |
| 19:41 | Build | House |
| 19:43 | Build | House |
| 19:53 | Create | Villager (Male) |
| 19:53 | Create | Villager (Male) |
| 19:56 | Create | Villager (Male) |
| 19:57 | Create | Villager (Male) |
| 20:05 | Create | Villager (Male) |
| 20:10 | Create | Villager (Male) |
| 20:10 | Create | Villager (Male) |
| 20:10 | Create | Villager (Male) |
| 20:11 | Create | Villager (Male) |
| 20:13 | Create | Villager (Male) |
| 20:13 | Create | Villager (Male) |
| 20:14 | Create | Villager (Male) |
| 20:14 | Create | Villager (Male) |
| 20:21 | Build | Farm |
| 20:22 | Build | Farm |
| 20:24 | Build | Farm |
| 20:25 | Create | Villager (Male) |
| 20:26 | Create | Villager (Male) |
| 20:36 | Create | Villager (Male) |
| 20:39 | Build | House |
| 20:40 | Build | House |
Build order — 拉回就是埋點-taco_clement
First 150 of 345 actions detected
| 0:01 | Create | Villager (Male) |
| 0:02 | Create | Villager (Male) |
| 0:02 | Create | Villager (Male) |
| 0:02 | Create | Villager (Male) |
| 0:02 | Create | Villager (Male) |
| 0:05 | Build | House |
| 0:10 | Build | House |
| 1:35 | Create | Villager (Male) |
| 1:35 | Create | Villager (Male) |
| 1:48 | Build | Lumber Camp |
| 1:58 | Create | Villager (Male) |
| 1:59 | Create | Villager (Male) |
| 2:27 | Create | Villager (Male) |
| 2:57 | Create | Villager (Male) |
| 2:58 | Create | Villager (Male) |
| 3:10 | Create | Villager (Male) |
| 3:10 | Create | Villager (Male) |
| 3:39 | Build | House |
| 3:40 | Build | House |
| 4:05 | Create | Villager (Male) |
| 4:05 | Create | Villager (Male) |
| 4:05 | Create | Villager (Male) |
| 5:13 | Create | Villager (Male) |
| 5:13 | Create | Villager (Male) |
| 5:14 | Create | Villager (Male) |
| 5:14 | Create | Villager (Male) |
| 5:30 | Create | Villager (Male) |
| 5:45 | Build | Mill |
| 6:19 | Create | Villager (Male) |
| 7:00 | Create | Villager (Male) |
| 7:00 | Create | Villager (Male) |
| 7:03 | Create | Villager (Male) |
| 7:04 | Create | Villager (Male) |
| 7:06 | Create | Villager (Male) |
| 8:22 | Build | House |
| 8:29 | Build | House |
| 8:46 | Build | Mining Camp |
| 9:18 | Research | Feudal Age |
| 9:35 | Create | Villager (Male) |
| 9:36 | Create | Villager (Male) |
| 11:00 | Build | Farm |
| 11:05 | Build | Farm |
| 11:07 | Build | Farm |
| 12:02 | Age | Feudal Age |
| 12:11 | Build | Blacksmith |
| 12:16 | Build | Market |
| 13:06 | Research | Castle Age |
| 13:19 | Build | Mining Camp |
| 13:30 | Research | Double-Bit Axe |
| 13:50 | Build | House |
| 13:51 | Build | House |
| 13:52 | Build | House |
| 13:59 | Build | House |
| 14:30 | Build | Stone Wall |
| 14:54 | Build | Stone Wall |
| 15:05 | Build | Gate |
| 15:11 | Create | Villager (Male) |
| 15:11 | Create | Villager (Male) |
| 15:28 | Build | Stone Wall |
| 15:36 | Create | Villager (Male) |
| 15:36 | Create | Villager (Male) |
| 15:36 | Create | Villager (Male) |
| 15:46 | Age | Castle Age |
| 15:48 | Research | Horse Collar |
| 15:59 | Build | Stone Wall |
| 16:23 | Build | Stone Wall |
| 16:35 | Create | Villager (Male) |
| 16:35 | Create | Villager (Male) |
| 16:35 | Create | Villager (Male) |
| 16:35 | Create | Villager (Male) |
| 16:52 | Build | Stone Wall |
| 16:56 | Build | Gate |
| 17:06 | Create | Villager (Male) |
| 17:06 | Create | Villager (Male) |
| 17:19 | Build | University |
| 17:36 | Build | Farm |
| 17:37 | Build | Farm |
| 18:04 | Build | Stone Wall |
| 18:19 | Build | House |
| 18:20 | Build | House |
| 18:21 | Build | House |
| 18:41 | Build | Farm |
| 19:03 | Build | Stone Wall |
| 19:12 | Build | Stone Wall |
| 19:21 | Build | Stone Wall |
| 19:38 | Build | Farm |
| 19:39 | Build | Farm |
| 19:49 | Build | Stone Wall |
| 20:02 | Build | Farm |
| 20:02 | Build | Farm |
| 20:02 | Build | Farm |
| 20:03 | Build | Farm |
| 20:03 | Build | Farm |
| 20:03 | Build | Farm |
| 20:36 | Create | Villager (Male) |
| 20:36 | Create | Villager (Male) |
| 20:37 | Create | Villager (Male) |
| 21:27 | Build | Siege Workshop |
| 21:29 | Research | Loom |
| 21:45 | Build | House |
| 21:45 | Build | House |
| 21:45 | Build | House |
| 21:46 | Build | House |
| 21:46 | Build | House |
| 22:02 | Create | Villager (Male) |
| 22:02 | Create | Villager (Male) |
| 22:11 | Research | Fortified Wall (upgrade) |
| 22:24 | Build | Stone Wall |
| 23:07 | Create | Villager (Male) |
| 23:07 | Create | Villager (Male) |
| 23:07 | Create | Villager (Male) |
| 23:07 | Create | Villager (Male) |
| 23:16 | Create | Mangonel |
| 23:37 | Create | Villager (Male) |
| 23:37 | Create | Villager (Male) |
| 23:37 | Create | Villager (Male) |
| 23:47 | Build | Stone Wall |
| 24:10 | Build | Stone Wall |
| 24:25 | Create | Villager (Male) |
| 24:25 | Create | Villager (Male) |
| 24:44 | Build | Stone Wall |
| 24:53 | Create | Villager (Male) |
| 24:53 | Create | Villager (Male) |
| 24:53 | Create | Villager (Male) |
| 24:53 | Create | Villager (Male) |
| 24:53 | Create | Villager (Male) |
| 25:17 | Build | Stone Wall |
| 25:39 | Build | Stone Wall |
| 26:07 | Build | Stone Wall |
| 26:13 | Create | Villager (Male) |
| 26:13 | Create | Villager (Male) |
| 26:13 | Create | Villager (Male) |
| 26:14 | Create | Villager (Male) |
| 26:17 | Build | House |
| 26:18 | Build | House |
| 26:18 | Build | House |
| 26:19 | Build | House |
| 26:19 | Build | House |
| 26:19 | Build | House |
| 26:19 | Build | House |
| 26:48 | Build | Town Center |
| 26:51 | Research | Bow Saw |
| 27:10 | Build | Stone Wall |
| 27:21 | Create | Mangonel |
| 27:46 | Create | Villager (Male) |
| 27:47 | Create | Villager (Male) |
| 27:47 | Create | Villager (Male) |
| 27:47 | Create | Villager (Male) |
| 28:17 | Build | Mining Camp |
| 28:34 | Build | Castle |
Build order — TigerBitePig
First 150 of 397 actions detected
| 0:01 | Create | Villager (Male) |
| 0:02 | Create | Villager (Male) |
| 0:02 | Create | Villager (Male) |
| 0:02 | Create | Villager (Male) |
| 0:03 | Build | House |
| 0:05 | Build | House |
| 1:30 | Create | Villager (Male) |
| 1:31 | Create | Villager (Male) |
| 1:52 | Create | Villager (Male) |
| 1:52 | Create | Villager (Male) |
| 1:52 | Research | Loom |
| 2:19 | Build | Lumber Camp |
| 2:29 | Create | Villager (Male) |
| 2:30 | Create | Villager (Male) |
| 2:38 | Create | Villager (Male) |
| 2:39 | Create | Villager (Male) |
| 3:13 | Create | Villager (Male) |
| 3:13 | Create | Villager (Male) |
| 3:51 | Create | Villager (Male) |
| 3:51 | Create | Villager (Male) |
| 3:51 | Create | Villager (Male) |
| 4:08 | Create | Villager (Male) |
| 4:08 | Create | Villager (Male) |
| 4:08 | Create | Villager (Male) |
| 4:16 | Build | House |
| 4:46 | Build | Mill |
| 5:02 | Create | Villager (Male) |
| 5:02 | Create | Villager (Male) |
| 5:10 | Create | Villager (Male) |
| 5:11 | Create | Villager (Male) |
| 5:11 | Create | Villager (Male) |
| 5:27 | Create | Villager (Male) |
| 5:27 | Create | Villager (Male) |
| 5:28 | Create | Villager (Male) |
| 5:28 | Create | Villager (Male) |
| 6:06 | Create | Villager (Male) |
| 6:06 | Create | Villager (Male) |
| 6:09 | Create | Villager (Male) |
| 6:10 | Create | Villager (Male) |
| 7:37 | Build | Farm |
| 7:38 | Build | Farm |
| 7:40 | Build | Farm |
| 7:57 | Build | Mining Camp |
| 8:17 | Create | Villager (Male) |
| 8:37 | Research | Feudal Age |
| 8:59 | Build | Mining Camp |
| 9:16 | Build | House |
| 10:06 | Create | Villager (Male) |
| 10:54 | Create | Villager (Male) |
| 11:02 | Age | Feudal Age |
| 11:04 | Build | Market |
| 11:27 | Create | Villager (Male) |
| 12:12 | Build | Blacksmith |
| 12:14 | Create | Villager (Male) |
| 12:34 | Research | Castle Age |
| 12:34 | Research | Castle Age |
| 12:39 | Build | House |
| 12:57 | Research | Double-Bit Axe |
| 13:43 | Create | Villager (Male) |
| 14:50 | Research | Horse Collar |
| 14:50 | Research | Horse Collar |
| 15:22 | Age | Castle Age |
| 15:32 | Build | Castle |
| 16:06 | Create | Villager (Male) |
| 16:16 | Build | Lumber Camp |
| 16:37 | Build | Siege Workshop |
| 16:47 | Create | Villager (Male) |
| 16:59 | Create | Villager (Male) |
| 17:14 | Create | Obuch |
| 17:14 | Create | Obuch |
| 17:15 | Create | Obuch |
| 17:15 | Create | Obuch |
| 17:15 | Create | Obuch |
| 17:16 | Create | Obuch |
| 17:16 | Create | Obuch |
| 17:20 | Research | Scale Mail Armor |
| 17:35 | Create | Battering Ram |
| 17:36 | Create | Battering Ram |
| 17:40 | Create | Villager (Male) |
| 17:40 | Create | Villager (Male) |
| 17:42 | Create | Villager (Male) |
| 17:50 | Build | Farm |
| 18:00 | Create | Villager (Male) |
| 18:06 | Build | Farm |
| 18:07 | Create | Villager (Male) |
| 18:20 | Create | Battering Ram |
| 18:22 | Create | Villager (Male) |
| 18:23 | Create | Villager (Male) |
| 18:52 | Create | Villager (Male) |
| 18:58 | Create | Battering Ram |
| 19:05 | Create | Villager (Male) |
| 19:05 | Create | Villager (Male) |
| 19:14 | Research | Fletching |
| 19:15 | Create | Villager (Male) |
| 19:31 | Create | Battering Ram |
| 19:32 | Create | Obuch |
| 19:33 | Create | Obuch |
| 19:43 | Build | Farm |
| 19:44 | Build | Farm |
| 19:46 | Build | Farm |
| 19:48 | Build | Farm |
| 19:49 | Build | Farm |
| 19:50 | Build | Farm |
| 20:09 | Create | Obuch |
| 20:31 | Build | Farm |
| 20:32 | Build | Farm |
| 20:32 | Build | Farm |
| 20:32 | Build | Farm |
| 20:33 | Build | Farm |
| 20:37 | Build | House |
| 20:38 | Build | House |
| 20:50 | Create | Obuch |
| 20:50 | Create | Obuch |
| 20:50 | Create | Obuch |
| 21:06 | Create | Villager (Male) |
| 21:06 | Create | Villager (Male) |
| 21:30 | Research | Forging |
| 21:30 | Research | Forging |
| 21:32 | Create | Villager (Male) |
| 21:49 | Build | Farm |
| 21:50 | Build | Farm |
| 21:51 | Build | Farm |
| 21:54 | Create | Villager (Male) |
| 21:55 | Create | Villager (Male) |
| 22:59 | Create | Obuch ×5 |
| 23:05 | Build | House |
| 23:06 | Build | House |
| 23:07 | Create | Villager (Male) |
| 23:29 | Build | House |
| 23:30 | Build | House |
| 23:58 | Build | Barracks |
| 23:59 | Create | Obuch |
| 23:59 | Create | Obuch |
| 23:59 | Create | Obuch |
| 24:45 | Create | Villager (Male) |
| 24:45 | Create | Villager (Male) |
| 24:51 | Create | Mangonel |
| 24:54 | Create | Villager (Male) |
| 24:57 | Create | Villager (Male) |
| 24:58 | Create | Villager (Male) |
| 24:58 | Create | Villager (Male) |
| 24:58 | Create | Villager (Male) |
| 24:59 | Create | Villager (Male) |
| 25:04 | Build | Farm |
| 25:05 | Build | Farm |
| 25:05 | Build | Farm |
| 25:05 | Build | Farm |
| 25:06 | Build | Farm |
| 25:06 | Build | Farm |
| 25:06 | Build | Farm |
Build order — 李太尊
First 150 of 455 actions detected
| 0:01 | Create | Villager (Male) |
| 0:01 | Create | Villager (Male) |
| 0:02 | Build | House |
| 0:04 | Build | House |
| 0:05 | Create | Villager (Male) |
| 0:05 | Create | Villager (Male) |
| 1:31 | Create | Villager (Male) |
| 1:31 | Create | Villager (Male) |
| 2:05 | Create | Villager (Male) |
| 2:05 | Create | Villager (Male) |
| 2:08 | Build | Lumber Camp |
| 2:26 | Create | Villager (Male) |
| 2:26 | Create | Villager (Male) |
| 2:51 | Create | Villager (Male) |
| 2:51 | Create | Villager (Male) |
| 2:55 | Create | Villager (Male) |
| 2:55 | Create | Villager (Male) |
| 3:19 | Build | House |
| 3:20 | Build | House |
| 3:28 | Build | House |
| 3:29 | Build | House |
| 3:30 | Build | House |
| 3:33 | Create | Villager (Male) |
| 3:34 | Create | Villager (Male) |
| 3:34 | Create | Villager (Male) |
| 4:00 | Create | Villager (Male) |
| 4:00 | Create | Villager (Male) |
| 4:21 | Build | House |
| 4:42 | Create | Villager (Male) |
| 4:42 | Create | Villager (Male) |
| 4:43 | Create | Villager (Male) |
| 5:07 | Build | Mill |
| 5:46 | Create | Villager (Male) |
| 6:08 | Create | Villager (Male) |
| 6:08 | Create | Villager (Male) |
| 6:17 | Build | Farm |
| 6:21 | Build | Farm |
| 6:24 | Build | Farm |
| 6:50 | Create | Villager (Male) |
| 7:12 | Build | Farm |
| 7:19 | Create | Villager (Male) |
| 7:42 | Build | Mining Camp |
| 7:47 | Create | Villager (Male) |
| 8:10 | Create | Villager (Male) |
| 8:28 | Build | Mining Camp |
| 8:44 | Research | Feudal Age |
| 9:02 | Create | Villager (Male) |
| 9:02 | Create | Villager (Male) |
| 10:56 | Age | Feudal Age |
| 11:00 | Build | Market |
| 11:03 | Build | Blacksmith |
| 11:48 | Research | Castle Age |
| 11:48 | Research | Castle Age |
| 11:59 | Research | Double-Bit Axe |
| 12:23 | Create | Villager (Male) |
| 12:23 | Create | Villager (Male) |
| 14:27 | Age | Castle Age |
| 14:31 | Build | Town Center |
| 14:37 | Research | Bow Saw |
| 14:42 | Build | House |
| 14:43 | Build | House |
| 14:46 | Create | Villager (Male) |
| 15:03 | Create | Villager (Male) |
| 15:41 | Create | Villager (Male) |
| 15:41 | Create | Villager (Male) |
| 15:48 | Build | House |
| 15:51 | Create | Villager (Male) |
| 15:51 | Create | Villager (Male) |
| 15:57 | Research | Wheelbarrow |
| 16:01 | Create | Villager (Male) |
| 16:01 | Create | Villager (Male) |
| 16:19 | Create | Villager (Male) |
| 16:20 | Create | Villager (Male) |
| 16:46 | Build | Town Center |
| 16:48 | Create | Villager (Male) |
| 16:48 | Create | Villager (Male) |
| 16:54 | Build | Outpost |
| 16:58 | Create | Villager (Male) |
| 16:58 | Create | Villager (Male) |
| 17:00 | Build | Farm |
| 17:12 | Build | Farm |
| 17:28 | Build | Outpost |
| 17:33 | Create | Villager (Male) |
| 17:33 | Create | Villager (Male) |
| 17:41 | Create | Villager (Male) |
| 17:41 | Create | Villager (Male) |
| 17:53 | Build | House |
| 17:56 | Build | Farm |
| 18:06 | Build | Town Center |
| 18:07 | Create | Villager (Male) |
| 18:08 | Create | Villager (Male) |
| 18:23 | Build | Farm |
| 18:36 | Build | House |
| 18:48 | Create | Villager (Male) |
| 18:49 | Create | Villager (Male) |
| 18:50 | Build | Farm |
| 18:51 | Build | Farm |
| 19:03 | Build | Farm |
| 19:07 | Build | Farm |
| 19:24 | Build | Farm |
| 19:28 | Create | Villager (Male) |
| 19:28 | Create | Villager (Male) |
| 19:33 | Build | House |
| 19:40 | Build | Farm |
| 19:46 | Build | Farm |
| 19:54 | Create | Villager (Male) |
| 19:55 | Create | Villager (Male) |
| 19:55 | Create | Villager (Male) |
| 19:55 | Create | Villager (Male) |
| 19:59 | Build | Farm |
| 20:22 | Research | Loom |
| 20:28 | Build | Farm |
| 20:28 | Build | Farm |
| 20:29 | Build | Farm |
| 20:31 | Create | Villager (Male) |
| 20:31 | Create | Villager (Male) |
| 20:32 | Create | Villager (Male) |
| 20:32 | Create | Villager (Male) |
| 20:36 | Build | Farm |
| 20:40 | Build | Farm |
| 20:43 | Create | Villager (Male) |
| 20:43 | Create | Villager (Male) |
| 20:54 | Create | Villager (Male) |
| 20:54 | Create | Villager (Male) |
| 20:54 | Create | Villager (Male) |
| 21:17 | Build | Farm |
| 21:18 | Build | Farm |
| 21:20 | Build | Farm |
| 21:23 | Build | Farm |
| 21:24 | Create | Villager (Male) |
| 21:25 | Create | Villager (Male) |
| 21:25 | Create | Villager (Male) |
| 21:25 | Create | Villager (Male) |
| 21:25 | Create | Villager (Male) |
| 21:44 | Build | University |
| 21:51 | Build | Siege Workshop |
| 21:53 | Create | Villager (Male) |
| 21:53 | Create | Villager (Male) |
| 21:53 | Create | Villager (Male) |
| 21:54 | Create | Villager (Male) |
| 21:54 | Create | Villager (Male) |
| 21:54 | Create | Villager (Male) |
| 22:20 | Build | Castle |
| 22:23 | Create | Villager (Male) |
| 22:24 | Create | Villager (Male) |
| 22:24 | Create | Villager (Male) |
| 22:24 | Create | Villager (Male) |
| 22:24 | Create | Villager (Male) |
| 22:25 | Create | Villager (Male) |
| 22:50 | Build | Farm |
Build order — 阿姆斯特朗回旋加速喷
First 150 of 430 actions detected
| 0:01 | Create | Villager (Male) |
| 0:02 | Create | Villager (Male) |
| 0:05 | Build | House |
| 0:08 | Build | House |
| 0:14 | Create | Villager (Male) |
| 0:15 | Create | Villager (Male) |
| 1:27 | Create | Villager (Male) |
| 1:27 | Create | Villager (Male) |
| 1:50 | Create | Villager (Male) |
| 2:26 | Create | Villager (Male) |
| 2:26 | Create | Villager (Male) |
| 2:49 | Create | Villager (Male) |
| 2:49 | Create | Villager (Male) |
| 3:16 | Build | Lumber Camp |
| 3:51 | Create | Villager (Male) |
| 3:53 | Create | Villager (Male) |
| 4:04 | Build | House |
| 4:33 | Create | Villager (Male) |
| 4:33 | Create | Villager (Male) |
| 4:47 | Create | Villager (Male) |
| 4:47 | Create | Villager (Male) |
| 4:47 | Create | Villager (Male) |
| 5:25 | Create | Villager (Male) |
| 5:56 | Create | Villager (Male) |
| 6:01 | Build | House |
| 6:26 | Build | Mill |
| 6:36 | Create | Villager (Male) |
| 6:36 | Create | Villager (Male) |
| 6:36 | Create | Villager (Male) |
| 6:36 | Create | Villager (Male) |
| 6:37 | Create | Villager (Male) |
| 6:48 | Create | Villager (Male) |
| 8:03 | Build | Farm |
| 8:04 | Build | Farm |
| 8:11 | Build | Mining Camp |
| 8:35 | Research | Feudal Age |
| 8:35 | Research | Feudal Age |
| 8:35 | Research | Feudal Age |
| 9:05 | Build | House |
| 9:38 | Create | Villager (Male) |
| 9:38 | Create | Villager (Male) |
| 10:45 | Age | Feudal Age |
| 10:47 | Build | Market |
| 10:54 | Build | Blacksmith |
| 11:13 | Research | Double-Bit Axe |
| 11:39 | Research | Castle Age |
| 11:39 | Research | Castle Age |
| 11:39 | Research | Castle Age |
| 11:46 | Build | House |
| 12:18 | Build | Farm |
| 12:49 | Build | Farm |
| 13:09 | Build | Farm |
| 13:59 | Research | Horse Collar |
| 14:19 | Age | Castle Age |
| 14:25 | Build | Town Center |
| 14:29 | Create | Villager (Male) |
| 14:46 | Build | Town Center |
| 14:49 | Create | Villager (Male) |
| 15:06 | Create | Villager (Male) |
| 15:27 | Create | Villager (Male) |
| 15:35 | Build | Monastery |
| 15:47 | Create | Villager (Male) |
| 15:52 | Create | Villager (Male) |
| 15:52 | Create | Villager (Male) |
| 15:54 | Build | Farm |
| 16:03 | Create | Villager (Male) |
| 16:12 | Create | Villager (Male) |
| 16:24 | Build | House |
| 16:27 | Create | Villager (Male) |
| 16:30 | Create | Villager (Male) |
| 16:34 | Create | Villager (Male) |
| 16:37 | Create | Villager (Male) |
| 16:41 | Build | Farm |
| 16:45 | Research | Bow Saw |
| 16:47 | Create | Villager (Male) |
| 16:49 | Build | Farm |
| 16:55 | Build | House |
| 17:05 | Build | Farm |
| 17:09 | Build | Farm |
| 17:15 | Create | Villager (Male) |
| 17:15 | Create | Villager (Male) |
| 17:16 | Create | Monk |
| 17:29 | Build | Farm |
| 17:34 | Build | Farm |
| 17:36 | Create | Villager (Male) |
| 17:36 | Create | Villager (Male) |
| 17:43 | Build | Farm |
| 17:47 | Build | Farm |
| 17:50 | Build | House |
| 17:56 | Build | Farm |
| 18:00 | Build | Farm |
| 18:03 | Build | Farm |
| 18:07 | Create | Villager (Male) |
| 18:07 | Create | Villager (Male) |
| 18:08 | Create | Villager (Male) |
| 18:09 | Create | Villager (Male) |
| 18:09 | Create | Villager (Male) |
| 18:13 | Build | Farm |
| 18:16 | Build | Farm |
| 18:22 | Build | Farm |
| 18:24 | Create | Villager (Male) |
| 18:24 | Create | Villager (Male) |
| 18:25 | Create | Villager (Male) |
| 18:27 | Build | House |
| 18:40 | Build | Farm |
| 18:51 | Create | Villager (Male) |
| 19:02 | Build | House |
| 19:04 | Create | Villager (Male) |
| 19:05 | Create | Villager (Male) |
| 19:20 | Create | Villager (Male) |
| 19:21 | Create | Villager (Male) |
| 19:21 | Create | Villager (Male) |
| 19:27 | Build | Farm |
| 19:27 | Build | Farm |
| 19:28 | Build | Farm |
| 19:32 | Build | House |
| 19:34 | Create | Villager (Male) |
| 19:36 | Build | Farm |
| 19:40 | Create | Villager (Male) |
| 19:42 | Research | Wheelbarrow |
| 19:58 | Create | Villager (Male) |
| 19:59 | Create | Villager (Male) |
| 20:03 | Build | House |
| 20:21 | Build | Town Center |
| 20:25 | Create | Villager (Male) |
| 20:26 | Create | Villager (Male) |
| 20:30 | Create | Villager (Male) |
| 20:34 | Build | Farm |
| 20:39 | Build | House |
| 20:47 | Create | Villager (Male) |
| 20:48 | Create | Villager (Male) |
| 20:48 | Create | Villager (Male) |
| 20:49 | Create | Villager (Male) |
| 20:53 | Build | Lumber Camp |
| 20:59 | Create | Villager (Male) |
| 21:00 | Create | Villager (Male) |
| 21:03 | Build | Farm |
| 21:06 | Create | Villager (Male) |
| 21:06 | Create | Villager (Male) |
| 21:07 | Create | Villager (Male) |
| 21:10 | Build | House |
| 21:15 | Create | Villager (Male) |
| 21:16 | Create | Villager (Male) |
| 21:21 | Create | Villager (Male) |
| 21:29 | Create | Villager (Male) |
| 21:34 | Build | Farm |
| 21:35 | Build | Farm |
| 21:36 | Build | Farm |
| 21:37 | Build | Farm |
| 21:41 | Build | House |
Build order — 馬摩
First 150 of 574 actions detected
| 0:00 | Create | Villager (Male) |
| 0:02 | Build | House |
| 0:03 | Build | House |
| 0:05 | Create | Villager (Male) |
| 0:05 | Create | Villager (Male) |
| 0:06 | Create | Villager (Male) |
| 0:06 | Create | Villager (Male) |
| 1:35 | Create | Villager (Male) |
| 1:35 | Create | Villager (Male) |
| 1:45 | Build | Lumber Camp |
| 1:56 | Create | Villager (Male) |
| 2:21 | Create | Villager (Male) |
| 2:21 | Create | Villager (Male) |
| 2:21 | Create | Villager (Male) |
| 2:44 | Create | Villager (Male) |
| 2:44 | Create | Villager (Male) |
| 3:08 | Create | Villager (Male) |
| 3:09 | Create | Villager (Male) |
| 3:23 | Create | Villager (Male) |
| 3:23 | Create | Villager (Male) |
| 3:49 | Build | House |
| 3:49 | Build | House |
| 4:03 | Create | Villager (Male) |
| 4:04 | Create | Villager (Male) |
| 4:04 | Create | Villager (Male) |
| 4:04 | Create | Villager (Male) |
| 4:29 | Build | Mill |
| 4:50 | Create | Villager (Male) |
| 4:50 | Create | Villager (Male) |
| 4:50 | Create | Villager (Male) |
| 5:18 | Create | Villager (Male) |
| 5:18 | Create | Villager (Male) |
| 5:33 | Create | Villager (Male) |
| 5:33 | Create | Villager (Male) |
| 5:33 | Create | Villager (Male) |
| 5:50 | Create | Villager (Male) |
| 6:18 | Build | Farm |
| 6:19 | Build | Farm |
| 6:20 | Build | Farm |
| 6:42 | Create | Villager (Male) |
| 7:57 | Research | Feudal Age |
| 8:29 | Build | Mining Camp |
| 9:02 | Build | House |
| 9:04 | Create | Villager (Male) |
| 9:05 | Create | Villager (Male) |
| 10:56 | Age | Feudal Age |
| 10:57 | Build | Market |
| 10:59 | Build | Blacksmith |
| 11:07 | Research | Double-Bit Axe |
| 11:46 | Research | Castle Age |
| 11:46 | Research | Castle Age |
| 11:47 | Research | Horse Collar |
| 12:09 | Build | Farm |
| 12:41 | Create | Villager (Male) |
| 14:26 | Age | Castle Age |
| 14:30 | Build | Town Center |
| 14:31 | Build | Town Center |
| 14:36 | Create | Villager (Male) |
| 14:53 | Build | Town Center |
| 15:08 | Research | Wheelbarrow |
| 15:16 | Create | Villager (Male) |
| 15:17 | Research | Bow Saw |
| 15:43 | Research | Heavy Plow |
| 15:43 | Research | Heavy Plow |
| 16:02 | Build | Farm |
| 16:15 | Build | Farm |
| 16:30 | Build | Farm |
| 16:31 | Create | Villager (Male) |
| 16:31 | Create | Villager (Male) |
| 16:33 | Create | Villager (Male) |
| 16:34 | Create | Villager (Male) |
| 16:38 | Build | Farm |
| 16:41 | Create | Villager (Male) |
| 16:41 | Create | Villager (Male) |
| 16:42 | Create | Villager (Male) |
| 16:42 | Create | Villager (Male) |
| 16:46 | Build | Farm |
| 17:01 | Build | Farm |
| 17:05 | Build | Farm |
| 17:07 | Create | Villager (Male) |
| 17:07 | Create | Villager (Male) |
| 17:10 | Build | Farm |
| 17:27 | Build | Farm |
| 17:33 | Create | Villager (Male) |
| 17:36 | Build | Farm |
| 17:43 | Build | Farm |
| 17:44 | Build | Farm |
| 17:45 | Create | Villager (Male) |
| 17:45 | Create | Villager (Male) |
| 17:45 | Create | Villager (Male) |
| 17:55 | Build | Farm |
| 17:59 | Build | Farm |
| 17:59 | Create | Villager (Male) |
| 18:00 | Create | Villager (Male) |
| 18:05 | Build | Farm |
| 18:10 | Create | Villager (Male) |
| 18:11 | Create | Villager (Male) |
| 18:21 | Create | Villager (Male) |
| 18:21 | Create | Villager (Male) |
| 18:23 | Build | Farm |
| 18:26 | Build | Farm |
| 18:29 | Create | Villager (Male) |
| 18:29 | Create | Villager (Male) |
| 18:29 | Create | Villager (Male) |
| 18:30 | Create | Villager (Male) |
| 18:34 | Build | House |
| 18:34 | Build | House |
| 18:36 | Create | Villager (Male) |
| 18:37 | Create | Villager (Male) |
| 18:40 | Create | Villager (Male) |
| 18:40 | Create | Villager (Male) |
| 18:44 | Research | Town Watch |
| 18:45 | Research | Town Watch |
| 18:59 | Build | Farm |
| 18:59 | Create | Villager (Male) |
| 18:59 | Create | Villager (Male) |
| 18:59 | Create | Villager (Male) |
| 19:05 | Build | Farm |
| 19:06 | Build | Farm |
| 19:07 | Create | Villager (Male) |
| 19:18 | Create | Villager (Male) |
| 19:18 | Create | Villager (Male) |
| 19:20 | Create | Villager (Male) |
| 19:20 | Create | Villager (Male) |
| 19:23 | Build | Farm |
| 19:25 | Create | Villager (Male) |
| 19:26 | Create | Villager (Male) |
| 19:29 | Build | Farm |
| 19:36 | Build | House |
| 19:37 | Build | House |
| 19:38 | Create | Villager (Male) |
| 19:38 | Create | Villager (Male) |
| 19:42 | Build | Lumber Camp |
| 19:44 | Create | Villager (Male) |
| 19:44 | Create | Villager (Male) |
| 19:44 | Create | Villager (Male) |
| 19:52 | Create | Villager (Male) |
| 19:54 | Build | Farm |
| 19:56 | Create | Villager (Male) |
| 19:56 | Create | Villager (Male) |
| 19:58 | Build | Farm |
| 20:02 | Build | Farm |
| 20:03 | Create | Villager (Male) |
| 20:04 | Create | Villager (Male) |
| 20:08 | Build | Farm |
| 20:08 | Create | Villager (Male) |
| 20:08 | Create | Villager (Male) |
| 20:15 | Create | Villager (Male) |
| 20:16 | Create | Villager (Male) |
| 20:22 | Create | Villager (Male) |
Build order — 拉拉机
First 150 of 516 actions detected
| 0:01 | Create | Villager (Male) |
| 0:01 | Create | Villager (Male) |
| 0:03 | Build | House |
| 0:06 | Build | House |
| 0:10 | Create | Villager (Male) |
| 0:10 | Create | Villager (Male) |
| 1:32 | Create | Villager (Male) |
| 1:32 | Create | Villager (Male) |
| 1:50 | Build | Settlement |
| 1:59 | Create | Villager (Male) |
| 1:59 | Create | Villager (Male) |
| 2:27 | Create | Villager (Male) |
| 2:27 | Create | Villager (Male) |
| 2:43 | Create | Villager (Male) |
| 2:43 | Create | Villager (Male) |
| 3:06 | Create | Villager (Male) |
| 3:29 | Create | Villager (Male) |
| 3:30 | Create | Villager (Male) |
| 3:53 | Create | Villager (Male) |
| 3:53 | Create | Villager (Male) |
| 4:14 | Create | Villager (Male) |
| 4:14 | Create | Villager (Male) |
| 4:47 | Create | Villager (Male) |
| 4:53 | Create | Villager (Male) |
| 4:54 | Create | Villager (Male) |
| 5:16 | Create | Villager (Male) |
| 5:16 | Create | Villager (Male) |
| 5:32 | Create | Villager (Male) |
| 5:32 | Create | Villager (Male) |
| 5:41 | Build | House |
| 5:43 | Build | House |
| 6:18 | Build | House |
| 6:34 | Create | Villager (Male) |
| 6:34 | Create | Villager (Male) |
| 6:52 | Build | House |
| 7:27 | Create | Villager (Male) |
| 7:29 | Create | Villager (Male) |
| 7:54 | Research | Feudal Age |
| 8:14 | Build | House |
| 8:52 | Build | Farm |
| 9:11 | Build | Farm |
| 10:25 | Create | Villager (Male) |
| 10:25 | Create | Villager (Male) |
| 10:33 | Age | Feudal Age |
| 10:42 | Build | Market |
| 10:47 | Build | Blacksmith |
| 11:04 | Research | Double-Bit Axe |
| 11:27 | Research | Castle Age |
| 11:27 | Research | Castle Age |
| 11:41 | Research | Horse Collar |
| 11:42 | Research | Horse Collar |
| 13:55 | Create | Villager (Male) |
| 13:56 | Create | Villager (Male) |
| 14:06 | Age | Castle Age |
| 14:08 | Build | Town Center |
| 14:14 | Build | Town Center |
| 14:25 | Create | Spearman |
| 14:29 | Research | Bow Saw |
| 14:37 | Create | Villager (Male) |
| 14:40 | Build | Farm |
| 14:41 | Build | Farm |
| 14:44 | Build | Farm |
| 14:49 | Build | Farm |
| 15:03 | Create | Villager (Male) |
| 15:08 | Create | Spearman |
| 15:18 | Build | Farm |
| 15:24 | Create | Villager (Male) |
| 15:26 | Create | Villager (Male) |
| 15:30 | Build | Farm |
| 15:35 | Create | Villager (Male) |
| 15:36 | Create | Villager (Male) |
| 15:36 | Create | Villager (Male) |
| 15:45 | Build | Farm |
| 15:56 | Create | Villager (Male) |
| 15:58 | Build | Farm |
| 16:08 | Build | Outpost |
| 16:09 | Create | Villager (Male) |
| 16:11 | Build | Farm |
| 16:15 | Create | Villager (Male) |
| 16:16 | Create | Villager (Male) |
| 16:18 | Build | Farm |
| 16:31 | Build | Outpost |
| 16:34 | Create | Villager (Male) |
| 16:36 | Build | Farm |
| 16:39 | Create | Villager (Male) |
| 16:47 | Build | Farm |
| 16:49 | Create | Villager (Male) |
| 16:50 | Create | Villager (Male) |
| 17:01 | Build | House |
| 17:02 | Build | House |
| 17:04 | Create | Villager (Male) |
| 17:04 | Create | Villager (Male) |
| 17:12 | Create | Villager (Male) |
| 17:24 | Create | Villager (Male) |
| 17:25 | Create | Villager (Male) |
| 17:29 | Build | Farm |
| 17:31 | Build | Farm |
| 17:32 | Create | Villager (Male) |
| 17:34 | Build | Farm |
| 17:39 | Build | Farm |
| 17:41 | Build | Farm |
| 17:42 | Create | Villager (Male) |
| 17:42 | Create | Villager (Male) |
| 17:44 | Build | Farm |
| 17:45 | Build | Farm |
| 17:55 | Create | Villager (Male) |
| 17:56 | Create | Villager (Male) |
| 18:01 | Create | Villager (Male) |
| 18:01 | Create | Villager (Male) |
| 18:07 | Build | House |
| 18:08 | Create | Villager (Male) |
| 18:08 | Create | Villager (Male) |
| 18:17 | Build | Town Center |
| 18:21 | Create | Villager (Male) |
| 18:21 | Create | Villager (Male) |
| 18:24 | Build | House |
| 18:25 | Build | House |
| 18:26 | Create | Villager (Male) |
| 18:26 | Create | Villager (Male) |
| 18:32 | Create | Villager (Male) |
| 18:33 | Create | Villager (Male) |
| 18:39 | Build | Farm |
| 18:44 | Build | Farm |
| 18:51 | Create | Villager (Male) |
| 18:51 | Create | Villager (Male) |
| 18:53 | Build | Farm |
| 18:54 | Create | Villager (Male) |
| 18:56 | Build | Farm |
| 19:02 | Build | Farm |
| 19:06 | Create | Villager (Male) |
| 19:06 | Create | Villager (Male) |
| 19:14 | Create | Villager (Male) |
| 19:15 | Create | Villager (Male) |
| 19:21 | Create | Villager (Male) |
| 19:21 | Create | Villager (Male) |
| 19:30 | Create | Villager (Male) |
| 19:30 | Create | Villager (Male) |
| 19:41 | Build | Farm |
| 19:44 | Create | Villager (Male) |
| 19:44 | Create | Villager (Male) |
| 19:46 | Build | Town Center |
| 19:51 | Build | House |
| 19:52 | Create | Villager (Male) |
| 19:52 | Create | Villager (Male) |
| 19:56 | Create | Villager (Male) |
| 19:57 | Create | Villager (Male) |
| 20:00 | Build | Farm |
| 20:05 | Build | Farm |
| 20:07 | Build | Farm |
| 20:08 | Create | Villager (Male) |
Match timeline
| 10:33 | 拉拉机 · age_up feudal |
| 10:45 | 阿姆斯特朗回旋加速喷 · age_up feudal |
| 10:56 | 馬摩 · age_up feudal |
| 10:56 | 李太尊 · age_up feudal |
| 11:00 | 諸葛馬摩說錦囊有妙計 · age_up feudal |
| 11:02 | TigerBitePig · age_up feudal |
| 11:10 | Seritzia · age_up feudal |
| 12:02 | 拉回就是埋點-taco_clement · age_up feudal |
| 14:06 | 拉拉机 · age_up castle |
| 14:19 | 阿姆斯特朗回旋加速喷 · age_up castle |
| 14:23 | 馬摩 · first_market_buy 100 stone |
| 14:26 | 馬摩 · age_up castle |
| 14:27 | 李太尊 · age_up castle |
| 14:30 | 拉回就是埋點-taco_clement · wall_segment Stone Wall x1 |
| 14:54 | 拉回就是埋點-taco_clement · wall_segment Stone Wall x10 |
| 14:55 | 諸葛馬摩說錦囊有妙計 · age_up castle |
| 15:05 | Seritzia · age_up castle |
| 15:22 | TigerBitePig · age_up castle |
| 15:26 | Seritzia · first_market_sell 100 stone |
| 15:28 | 拉回就是埋點-taco_clement · wall_segment Stone Wall x11 |
| 15:32 | TigerBitePig · first_building Castle |
| 15:33 | Seritzia · first_market_buy 100 wood |
| 15:35 | 阿姆斯特朗回旋加速喷 · first_building Monastery |
| 15:37 | Seritzia · first_building Monastery |
| 15:46 | 拉回就是埋點-taco_clement · age_up castle |
| 15:59 | 拉回就是埋點-taco_clement · wall_segment Stone Wall x17 |
| 16:23 | 拉回就是埋點-taco_clement · wall_segment Stone Wall x8 |
| 16:37 | TigerBitePig · first_building Siege Workshop |
| 16:52 | 拉回就是埋點-taco_clement · wall_segment Stone Wall x11 |
| 18:04 | 拉回就是埋點-taco_clement · wall_segment Stone Wall x1 |
| 19:03 | 拉回就是埋點-taco_clement · wall_segment Stone Wall x2 |
| 19:04 | TigerBitePig · first_market_buy 100 food |
| 19:12 | 拉回就是埋點-taco_clement · wall_segment Stone Wall x1 |
| 19:21 | 拉回就是埋點-taco_clement · wall_segment Stone Wall x3 |
| 19:49 | 拉回就是埋點-taco_clement · wall_segment Stone Wall x30 |
| 21:27 | 拉回就是埋點-taco_clement · first_building Siege Workshop |
| 21:46 | 諸葛馬摩說錦囊有妙計 · first_building Siege Workshop |
| 21:51 | 李太尊 · first_building Siege Workshop |
| 22:16 | Seritzia · first_building Barracks |
| 22:20 | 李太尊 · first_building Castle |
| 22:24 | 拉回就是埋點-taco_clement · wall_segment Stone Wall x25 |
| 22:42 | 拉拉机 · first_building Monastery |
| 23:39 | 李太尊 · first_market_buy 100 food |
| 23:41 | 阿姆斯特朗回旋加速喷 · first_market_sell 100 food |
| 23:47 | 拉回就是埋點-taco_clement · wall_segment Stone Wall x12 |
| 23:58 | TigerBitePig · first_building Barracks |
| 24:09 | 馬摩 · first_building Monastery |
| 24:10 | 拉回就是埋點-taco_clement · wall_segment Stone Wall x7 |
| 24:30 | 阿姆斯特朗回旋加速喷 · first_building Siege Workshop |
| 24:38 | 馬摩 · wall_segment Palisade Wall x1 |
| 24:42 | 馬摩 · wall_segment Palisade Wall x1 |
| 24:44 | 拉回就是埋點-taco_clement · wall_segment Stone Wall x16 |
| 25:02 | 李太尊 · first_building Barracks |
| 25:06 | 拉拉机 · first_market_sell 100 wood |
| 25:09 | Seritzia · first_building Archery Range |
| 25:11 | 拉拉机 · first_building Barracks |
| 25:15 | 馬摩 · first_building Castle |
| 25:17 | 拉回就是埋點-taco_clement · wall_segment Stone Wall x4 |
| 25:22 | 馬摩 · first_building Barracks |
| 25:35 | 馬摩 · wall_segment Palisade Wall x1 |
| 25:38 | 馬摩 · wall_segment Palisade Wall x1 |
| 25:39 | 拉回就是埋點-taco_clement · wall_segment Stone Wall x4 |
| 25:42 | 馬摩 · wall_segment Palisade Wall x1 |
| 25:44 | 馬摩 · wall_segment Palisade Wall x1 |
| 25:45 | 馬摩 · wall_segment Palisade Wall x1 |
| 25:49 | 李太尊 · first_building Archery Range |
| 25:54 | 馬摩 · first_market_sell 100 food |
| 25:54 | Seritzia · first_building Castle |
| 25:57 | 諸葛馬摩說錦囊有妙計 · first_building Castle |
| 26:07 | 拉回就是埋點-taco_clement · wall_segment Stone Wall x10 |
| 26:10 | 拉拉机 · first_building Castle |
| 26:20 | 馬摩 · wall_segment Palisade Wall x1 |
| 26:29 | 拉拉机 · first_building Archery Range |
| 26:29 | 馬摩 · first_building Stable |
| 26:59 | 諸葛馬摩說錦囊有妙計 · wall_segment Stone Wall x3 |
| 27:03 | 諸葛馬摩說錦囊有妙計 · wall_segment Stone Wall x6 |
| 27:10 | 李太尊 · age_up imperial |
| 27:10 | 拉回就是埋點-taco_clement · wall_segment Stone Wall x14 |
| 27:14 | 阿姆斯特朗回旋加速喷 · age_up imperial |
| 27:22 | 馬摩 · first_building Archery Range |
| 27:41 | 諸葛馬摩說錦囊有妙計 · first_building Barracks |
| 27:43 | 阿姆斯特朗回旋加速喷 · first_building Barracks |
| 28:10 | Seritzia · first_building Stable |
| 28:11 | 阿姆斯特朗回旋加速喷 · first_market_buy 100 wood |
| 28:34 | 拉回就是埋點-taco_clement · first_building Castle |
| 28:52 | 諸葛馬摩說錦囊有妙計 · first_building Archery Range |
| 28:52 | 拉回就是埋點-taco_clement · wall_segment Stone Wall x10 |
| 28:53 | 阿姆斯特朗回旋加速喷 · first_building Castle |
| 29:07 | 拉回就是埋點-taco_clement · wall_segment Stone Wall x11 |
| 29:13 | 馬摩 · age_up imperial |
| 29:22 | 諸葛馬摩說錦囊有妙計 · age_up imperial |
| 29:33 | 拉拉机 · age_up imperial |
| 29:56 | 拉回就是埋點-taco_clement · wall_segment Stone Wall x5 |
| 30:45 | 拉回就是埋點-taco_clement · first_building Barracks |
| 30:55 | Seritzia · age_up imperial |
| 31:41 | 馬摩 · first_building Siege Workshop |
| 31:47 | 諸葛馬摩說錦囊有妙計 · first_market_sell 100 wood |
| 32:25 | 拉回就是埋點-taco_clement · first_building Stable |
| 32:59 | 拉拉机 · first_market_buy 100 wood |
| 33:32 | TigerBitePig · age_up imperial |
| 35:08 | 李太尊 · wall_segment Stone Wall x15 |
| 37:54 | 李太尊 · first_market_sell 100 stone |
| 39:00 | 拉回就是埋點-taco_clement · wall_segment Stone Wall x20 |
| 39:27 | 諸葛馬摩說錦囊有妙計 · tribute_sent a jugador 2 |
| 39:27 | 諸葛馬摩說錦囊有妙計 · tribute_sent a jugador 3 |
| 39:27 | 諸葛馬摩說錦囊有妙計 · tribute_sent a jugador 4 |
| 39:27 | 諸葛馬摩說錦囊有妙計 · tribute_sent a jugador 5 |
| 39:27 | 諸葛馬摩說錦囊有妙計 · tribute_sent a jugador 6 |
| 39:27 | 諸葛馬摩說錦囊有妙計 · tribute_sent a jugador 7 |
| 39:27 | 諸葛馬摩說錦囊有妙計 · tribute_sent a jugador 8 |
| 39:57 | 阿姆斯特朗回旋加速喷 · first_building Archery Range |
| 42:42 | 拉回就是埋點-taco_clement · age_up imperial |
| 43:21 | TigerBitePig · first_building Stable |
[ AI ANALYSIS · 1 CREDIT ]
What really happened in this match?
Wolo.gg analyzes every decision: build order, eco, micro, common mistakes by bracket. Personalized analysis on WhatsApp or Discord in 30 seconds.
Civ guide
Dravidians
Perfil
你失智多年的老杯